 Dungeon Crawl Stone Soup version 0.21-a0-496-g696f58f (webtiles) character file.

168 slep the Twirler (level 5, 0/66 HPs)
             Began as a Minotaur Gladiator on Nov 23, 2017.
             Was an Initiate of Okawaru.
             Slain by Vibarexel's ghost (17 damage)
             ... on level 3 of the Dungeon.
             The game lasted 00:07:15 (1984 turns).

slep the Twirler (Minotaur Gladiator)               Turns: 1984, Time: 00:07:15

Health: 0/66       AC:  5    Str: 24    XL:     5   Next: 24%
Magic:  4/4        EV: 12    Int:  5    God:    Okawaru [......]
Gold:   115        SH:  0    Dex: 12    Spells: 4/4 levels left

rFire    . . .     SeeInvis .   q - +0 long sword
rCold    . . .     Gourm    .   (no shield)
rNeg     . . .     Faith    .   n - +0 ring mail
rPois    .         Spirit   .   c - +0 hat
rElec    .         Reflect  .   (no cloak)
rCorr    .         Harm     .   (no gloves)
MR       .....                  (no boots)
Stlth    ..........             (no amulet)
HPRegen  0.21/turn              (no ring)
MPRegen  0.09/turn              (no ring)

@: berserking, very quick
A: retaliatory headbutt, horns 2
a: Renounce Religion


You were on level 3 of the Dungeon.
You worshipped Okawaru.
Okawaru was noncommittal.
You were hungry.

You visited 1 branch of the dungeon, and saw 3 of its levels.

You collected 115 gold pieces.

Inventory:

Hand Weapons
 a - a +0 quarterstaff
 l - a +0 spear
 q - a +0 long sword (weapon)
Missiles
 d - 3 throwing nets (quivered)
 r - 14 poisoned needles
Armour
 b - a +0 leather armour
 c - a +0 hat (worn)
 n - a +0 ring mail (worn)
Scrolls
 g - 2 scrolls of blinking {unknown}
 i - 5 scrolls of identify {unknown}
 k - 3 scrolls of remove curse {unknown}
 m - a scroll of amnesia {unknown}
 p - a scroll of immolation {unknown}
 s - a scroll of enchant weapon {unknown}
 v - a scroll of enchant armour {unknown}
Potions
 j - 4 potions of curing {unknown}
 o - a potion of agility {unknown}
 t - a potion of lignification {unknown}
 w - a potion of magic {unknown}
Books
 u - a book of Minor Magic

   Spells                             Type                      Level
   a - Magic Dart                     Conjuration                  1
   b - Blink                          Translocation                2
   c - Call Imp                       Summoning                    2
   d - Slow                           Hexes                        2
   e - Conjure Flame                  Conjuration/Fire             3
   f - Mephitic Cloud                 Conjuration/Poison/Air       3
Comestibles
 f - 2 bread rations
 h - a meat ration


   Skills:
 + Level 2.9 Fighting
 + Level 2.1 Long Blades
 + Level 2.0(3.5) Polearms
 + Level 4.6(4.8) Staves
 + Level 2.1 Throwing
 + Level 2.4 Armour
 + Level 3.9 Dodging
 + Level 0.5 Stealth


You had 4 spell levels left.
You didn't know any spells.

Dungeon Overview and Level Annotations

Branches:
Dungeon (3/15)

Altars:
Okawaru
Ru

Annotations:
D:3 Vibarexel's ghost, amateur DrCK


Innate Abilities, Weirdness & Mutations

You reflexively headbutt those who attack you in melee.
You have a pair of horns on your head.


Message History

Your headbutt misses Vibarexel's ghost.
Vibarexel's ghost is moderately damaged.
You hit Vibarexel's ghost but do no damage.
Vibarexel's ghost is moderately damaged.
Vibarexel's ghost hits you.
You slash Vibarexel's ghost!
Vibarexel's ghost is heavily damaged.
Vibarexel's ghost hits you! Vibarexel's ghost freezes you.
You hit Vibarexel's ghost.
Vibarexel's ghost is severely damaged.
Vibarexel's ghost hits you. Vibarexel's ghost burns you.
You hit Vibarexel's ghost but do no damage.
Vibarexel's ghost is severely damaged.
Vibarexel's ghost hits you but does no damage.
You hit Vibarexel's ghost but do no damage.
Vibarexel's ghost is severely damaged.
Vibarexel's ghost hits you!
* * * LOW HITPOINT WARNING * * *
You are electrocuted!
You die...

# ##########.#....#
#...#...## #
#............####
....###... ###
#............# .#.[.#
#### ..# #............#
.#..## #.#
#.....)....#.####.#..#
#.#
#..(...####........#..#
..# #......# #.##.#...#
### #......# #.##.#
.##.. #......#
#.@W.#...... #.......
####.?.#
#...................# #
######......W##..##.#
### ...... #.# # '.#
..... .. #.# ###.. ..#
#### #. ..# .#.# .. .#


You could see Vibarexel's ghost.

Vanquished Creatures
  A scorpion (D:3)
  2 adders (D:3)
  An ooze (D:2)
  2 worms (D:2)
  3 dart slugs
  2 leopard geckos
  3 orcs (D:3)
  3 ball pythons (D:2)
  5 bats
  5 giant cockroaches
  9 goblins
  9 hobgoblins
  4 jackals (D:2)
  13 kobolds
  A quokka (D:3)
  4 frilled lizards
  10 rats
77 creatures vanquished.

Notes
Turn   | Place    | Note
-------+----------+-------------------------------------------
     0 | D:1      | slep the Minotaur Gladiator began the quest for the Orb.
     0 | D:1      | Reached XP level 1. HP: 18/18 MP: 0/0
   133 | D:1      | Reached XP level 2. HP: 23/25 MP: 1/1
   161 | D:1      | Reached skill level 4 in Staves
   383 | D:1      | Reached XP level 3. HP: 27/30 MP: 2/2
  1024 | D:2      | Reached skill level 1 in Armour
  1193 | D:2      | Reached skill level 1 in Polearms
  1325 | D:2      | Reached XP level 4. HP: 33/37 MP: 3/3
  1332 | D:2      | Found a sacrificial altar of Ru.
  1494 | D:3      | Reached skill level 1 in Long Blades
  1561 | D:3      | Found an iron altar of Okawaru.
  1574 | D:3      | Became a worshipper of Warmaster Okawaru
  1685 | D:3      | Reached XP level 5. HP: 44/44 MP: 4/4
  1966 | D:3      | Noticed Vibarexel's ghost (amateur DrCK)
  1984 | D:3      | Slain by Vibarexel's ghost

Vault maps used:
D:1:      dpeg_arrival_tiny_f, moated_statue, minmay_pentomino_w4
D:2:      nicolae_ru_path_of_blood
D:3:      okawaru_altar_gauntlet_db

Skill      XL: |  1  2  3  4  5 |
---------------+----------------+-----
Staves         | 4 |  4.6
Armour         | 1 2 |  2.4
Polearms       | 1 2 |  2.0
Long Blades    | 1 2 |  2.1
Fighting       | |  2.9
Throwing       | |  2.1
Dodging        | |  3.9
Stealth        | |  0.5

Action                   |  1- 3 |  4- 6 || total
-------------------------+-------+-------++-------
Melee: Quarterstaff      |    47 |       ||    47
       Headbutt          |    17 |     6 ||    23
       Spear             |    39 |       ||    39
       Long sword        |    12 |    58 ||    70
  Use: Potion            |       |     1 ||     1
  Eat: Chunk             |     1 |     2 ||     3
Armor: Leather armour    |    18 |       ||    18
       Ring mail         |     7 |    21 ||    28
Dodge: Dodged            |    67 |    45 ||   112
       Rpst.: Long sword |     5 |    15 ||    20

Table legend:
 A = Spawn XP
 B = Non-spawn XP
 C = Spawn XP percentage of total XP
 D = Spawn monster count
 E = Non-spawn monster count
 F = Spawn count percentage of total count
 G = Total turns spent on level
                    A         B        C        D         E        F      G
               +---------+---------+-------+---------+---------+-------+---------
         Total |       0 |     241 |   0.0 |       0 |      77 |   0.0 |  1984
               +---------+---------+-------+---------+---------+-------+---------
           D:1 |       0 |      54 |   0.0 |       0 |      30 |   0.0 |   969
           D:2 |       0 |      52 |   0.0 |       0 |      25 |   0.0 |   515
           D:3 |       0 |     135 |   0.0 |       0 |      22 |   0.0 |   500
               +---------+---------+-------+---------+---------+-------+---------
